 Dungeon Crawl Stone Soup version 0.17-a0-1430-g49fde19 (webtiles) character file.

2203 urechis the Grappler (level 9, -6/80 HPs)
             Began as a Troll Monk on June 25, 2015.
             Mangled by Erolcha
             ... wielding a +0 giant spiked club
              (19 damage)
             ... on level 7 of the Dungeon.
             The game lasted 00:14:44 (4554 turns).

urechis the Grappler (Troll Monk)                   Turns: 4554, Time: 00:14:46

Health: -6/80      AC:  6    Str: 21    XL:     9   Next: 12%
Magic:  8/8        EV: 11    Int:  6    God:
Gold:   374        SH:  0    Dex: 15    Spells: 0 memorised, 8 levels left

rFire  + . .     SeeInvis .       - Unarmed
rCold  x . .     Clarity  .     G - +0 robe (curse)
rNeg   . . .     SustAt   +     (no shield)
rPois  .         Gourm    +     (helmet restricted)
rElec  .         Spirit   .     t - +0 cloak
rCorr  .         Warding  .     (gloves unavailable)
rMut   .         Stasis   .     (boots unavailable)
MR     .....                    (no amulet)
Stlth  ++........               n - ring of fire
                                i - ring of sustain attributes

@: slowed, very slow, not resistant to hostile enchantments, unstealthy
A: unfitting armour, claws 3, fast metabolism 3, gourmand, regeneration 2,
shaggy fur 1, tough skin 2
a: no special abilities


You were on level 7 of the Dungeon.
You were full.

You visited 2 branches of the dungeon, and saw 9 of its levels.

You collected 374 gold pieces.

Inventory:

Missiles
 e - a throwing net (quivered)
Armour
 t - a +0 cloak (worn)
 G - a cursed +0 robe (worn)
Jewellery
 i - a ring of sustain attributes (left claw)
 n - a ring of fire (right claw)
Magical devices
 a - a wand of frost (27)
Scrolls
 h - 2 scrolls of amnesia {unknown}
 k - 2 scrolls of recharging
 q - 2 scrolls of immolation {unknown}
 r - 4 scrolls of remove curse
 u - 4 scrolls of blinking
 y - a scroll of enchant weapon {unknown}
 z - 3 scrolls of teleportation
 B - 2 scrolls of enchant armour {unknown}
 D - a scroll of fear {unknown}
 E - a scroll of fog {unknown}
 F - 2 scrolls of magic mapping {unknown}
Potions
 c - 3 potions of curing
 d - 2 potions of degeneration {unknown}
 f - 3 potions of brilliance {unknown}
 g - 3 potions of haste {unknown}
 l - 3 potions of heal wounds {unknown}
 m - a potion of mutation {unknown}
 o - a potion of ambrosia {unknown}
 p - 2 potions of magic {unknown}
 s - 6 potions of lignification {unknown}
 v - 2 potions of invisibility {unknown}
 w - a potion of experience {unknown}
 x - a potion of might {unknown}
 A - a potion of cancellation {unknown}
 C - 3 potions of flight {unknown}
Comestibles
 b - 5 bread rations
 j - 15 fruits
 H - 2 meat rations


   Skills:
 + Level 2.7 Fighting
 + Level 2.7 Dodging
 - Level 1.1 Stealth
 - Level 12.1 Unarmed Combat
 + Level 1.0 Evocations


You had 8 spell levels left.
You didn't know any spells.

Dungeon Overview and Level Annotations

Branches:
Dungeon (8/15)             Temple (1/1) D:4
   Lair: D:8-11

Altars:
Ashenzari
Cheibriados
Elyvilon
Fedhas
Kikubaaqudgha
Nemelex Xobeh
Okawaru
Qazlal
Ru
Trog
Vehumet
Xom
Zin

Annotations:
D:7 Erolcha
D:8 Erica


Innate Abilities, Weirdness & Mutations

You are too large for most types of armour.
You have claws for hands.
Your metabolism is lightning-fast.
You like to eat raw meat.
You heal very quickly.
You are covered in fur (AC +1).
You have very tough skin (AC +2).


Message History

You closely miss Erolcha. Erolcha misses you.
You scratch Erolcha.
Erolcha begins to bleed from her wounds!
Erolcha is lightly wounded.
Erolcha points at you and mumbles some strange words.
You are confused.
You scratch Erolcha but do no damage.
Erolcha is lightly wounded.
Erolcha points at you and mumbles some strange words.
The orb of energy hits you!
* * * LOW HITPOINT WARNING * * *
The orb of energy explodes!
Drink which item? (? for menu, Esc to quit)
It was a potion of curing.
You feel better.
Erolcha points at you and mumbles some strange words.
The orb of energy hits you!
* * * LOW HITPOINT WARNING * * *
The orb of energy explodes!
Erolcha hits you with a giant spiked club!!
You die...

#...)....#.............#
#........#.............#
#.........#)######.....#####
##......##.#.# #..........
#...(........# #..........
#............# ###........
#............# #........
#...........O# #........
#...........@# #########
#...........## #...(.......#
#...........# #...........#
#############


You could see Erolcha (bleeding).

Vanquished Creatures
  A yak (D:8)
  2 hungry ghosts (D:7)
  An ice beast (D:7)
  A sky beast (D:6)
  3 eyes of draining (D:5)
  A phantom (D:8)
  A centaur (D:6)
  2 ogres (D:5)
  A giant frog (D:4)
  2 scorpions
  A wight (D:7)
  2 crimson imps
  A centaur zombie (D:7)
  An orc priest (D:4)
  4 hounds
  A jelly (D:5)
  2 orc wizards
  A giant frog skeleton (D:5)
  3 worker ants
  12 adders
  4 gnolls (D:7)
  6 river rats
  3 shadow imps
  A worm (D:2)
  3 giant geckos
  32 orcs
  3 ball pythons (D:2)
  4 giant cockroaches
  4 goblins
  12 hobgoblins
  5 jackals
  5 quokkas
  15 bats
  A giant gecko zombie (D:7)
  5 giant newts
  17 kobolds
  12 rats
  A fungus (D:5)
176 creatures vanquished.

Notes
Turn   | Place    | Note
--------------------------------------------------------------
     0 | D:1      | urechis the Troll Monk began the quest for the Orb.
     0 | D:1      | Reached XP level 1. HP: 22/22 MP: 0/0
   147 | D:1      | Reached XP level 2. HP: 29/29 MP: 1/1
   282 | D:1      | Found a sparkling altar of Nemelex Xobeh.
   704 | D:2      | Found a faded altar to an unknown god.
   854 | D:2      | Reached skill level 5 in Unarmed Combat
   854 | D:2      | Reached XP level 3. HP: 33/36 MP: 2/2
  1458 | D:3      | Reached XP level 4. HP: 37/44 MP: 3/3
  1878 | D:3      | Reached skill level 6 in Unarmed Combat
  2079 | D:3      | Found an ancient bone altar of Kikubaaqudgha.
  2101 | D:3      | Reached XP level 5. HP: 47/50 MP: 4/4
  2335 | D:4      | Found a staircase to the Ecumenical Temple.
  2347 | Temple   | Entered the Ecumenical Temple
  2602 | D:4      | Found a blossoming altar of Fedhas.
  2634 | D:4      | Reached skill level 7 in Unarmed Combat
  2733 | D:4      | Reached XP level 6. HP: 54/59 MP: 5/5
  2839 | D:4      | Found a white marble altar of Elyvilon.
  2848 | D:4      | Found a shattered altar of Ashenzari.
  2875 | D:5      | Entered Level 5 of the Dungeon
  2885 | D:5      | Reached skill level 8 in Unarmed Combat
  2897 | D:5      | Reached XP level 7. HP: 39/66 MP: 6/6
  3056 | D:5      | Reached skill level 9 in Unarmed Combat
  3233 | D:5      | Found a glowing silver altar of Zin.
  3267 | D:5      | Found a stormy altar of Qazlal.
  3337 | D:5      | Found a bloodstained altar of Trog.
  3355 | D:5      | Reached skill level 10 in Unarmed Combat
  3528 | D:6      | Reached XP level 8. HP: 62/74 MP: 7/7
  4021 | D:7      | Reached skill level 11 in Unarmed Combat
  4372 | D:8      | Noticed Erica
  4440 | D:8      | Reached skill level 12 in Unarmed Combat
  4451 | D:8      | Reached XP level 9. HP: 60/80 MP: 8/8
  4534 | D:8      | Noticed Erolcha
  4535 | D:8      | Reached skill level 1 in Evocations
  4554 | D:7      | Mangled by Erolcha

Vault maps used:
D:1:      lightli_iron_boxes, grunt_decor_arrowhead,
          nemelex_xobeh_ov_fountains_minmay
D:2:      ecumenical_altar_2, feat_on_display
D:3:      nicolae_overflow_crystal_walls, first_bread, kennysheep_big_empty_room
D:4:      amethyst_overflow_temple_binary, fedhas_altar_3,
          minmay_temple_entry_glass
D:5:      zin_academy, nicolae_qazlal_general_emergency, trog_eyes_of_draining,
          minmay_misc_feat_pillars, hex_tiny, minmay_gold_behind_fungi
D:6:      nicolae_overflow_hidden_temple
D:8:      lemuel_coloured_pillars_altar, tgw_sif, lemuel_crystal_altar,
          kennysheep_mini, nicolae_dithmenos_through_a_glass_darkly,
          grunt_lair_entry_elf_guard_hut, uniq_pikel, uniq_erica, uniq_erolcha
Temple:   nicolae_temple_hex_pool_5

Action                   |  1- 3 |  4- 6 |  7- 9 || total
-------------------------+-------+-------+-------++-------
Melee: Unarmed           |    85 |   187 |   219 ||   491
  Use: Scroll            |       |       |     6 ||     6
       Potion            |       |       |     1 ||     1
 Stab: Sleeping          |     1 |     6 |     1 ||     8
  Eat: Chunk             |    10 |    19 |    20 ||    49
